[Event "*** Titled Tuesday Blitz"]
[Site "Chess.com"]
[Date "2021.04.06"]
[Round "3"]
[White "Trickov"]
[Black "monikarozman"]
[Result "1-0"]
[WhiteElo "2408"]
[BlackElo "2195"]
[TimeControl "180+1"]
[EndTime "10:28:05 PDT"]
[Termination "Trickov won on time"]

1. d4 Nf6 2. Nf3 d5 3. c4 e6 4. g3 dxc4 5. Bg2 Bb4+ 6. Bd2 a5 7. O-O O-O 8. a3 Bd6 9. Ne5 c5 10. e3 cxd4 11. exd4 Nc6 12. Nxc6 bxc6 13. Nc3 Rb8 14.
Qc2 c5 15. dxc5 Bxc5 16. Na4 Qc7 17. Rac1 Ba6 18. Nxc5 Qxc5 19. Bf4 Rbc8 20. Be3 Qb5 21. Bd4 Nd5 22. Rfd1 Qb3 23. Qe2 Rfe8 24. Qg4 1-0

[Event "*** Titled Tuesday Blitz"]
[Site "Chess.com"]
[Date "2021.04.06"]
[Round "3"]
[White "Andreikka"]
[Black "SharapovEvgeny"]
[Result "1-0"]
[WhiteElo "2867"]
[BlackElo "2474"]
[TimeControl "180+1"]
[EndTime "10:28:06 PDT"]
[Termination "Andreikka won by resignation"]

1. d4 d5 2. Nf3 c6 3. Bf4 Nf6 4.
e3 g6 5. c4 Bg7 6. Nc3 O-O 7. h3 Bf5 8. Qb3 Qb6 9. c5 Qxb3 10.
axb3 a6 11. b4 Nbd7 12. Ne5 Nxe5 13. Bxe5 Ne4 14. Bxg7 Kxg7 15. g4 Nxc3 16. bxc3 Be6 17. f4 f5 18. Be2 Bf7 19. Kd2 Be6 20. Rhg1 Kf6 21. Rg3 Rh8 22. Rag1 Rab8 23. Bd3 Rbf8 24. Kc1 Rfg8 25. Be2 Rf8 26. Kb2 Rfg8 27. Ka3 Kf7 28. Ka4 Ke8 29. Ka5 Kd7 30. Kb6 Kc8 31. h4 Rf8 32. h5 fxg4 33. Bxg4 Bxg4 34. Rxg4 gxh5 35.
Rg7 Re8 36. R1g5 Kd7 37. Rxh5 Reg8 38. Rf7 Ke8 39. Rfxh7 Rxh7 40. Rxh7 Rg3 41. Kxb7 Rxe3 42. Kxc6 Rxc3 43. Kxd5 Rb3 44. Kc4 Rf3 45. Rh6 1-0

[Event "*** Titled Tuesday Blitz"]
[Site "Chess.com"]
[Date "2021.04.06"]
[Round "3"]
[White "Lenyas66"]
[Black "NTBT_DHS"]
[Result "0-1"]
[WhiteElo "2520"]
[BlackElo "2737"]
[TimeControl "180+1"]
[EndTime "10:28:07 PDT"]
[Termination "NTBT_DHS won by resignation"]

1. e4 g6 2. d4 Bg7 3. Nc3 a6 4. Be3 d6 5. Qd2 Nd7 6. h4 Ngf6 7. Bh6 Bxh6 8. Qxh6 c5 9. Nf3 cxd4 10. Nxd4 Qa5 11. O-O-O b5 12. Nb3 Qb6 13. f3 Bb7 14.
g4 Rc8 15. h5 b4 16. Nd5 Bxd5 17. exd5 a5 18. hxg6 fxg6 19. Nd4 a4 20. g5 Nxd5 21. Qg7 Rf8 22. Rxh7 Rc5 23. Qxg6+ Kd8 24. Ne6+ Kc8 25. Nxf8 Nxf8 26. Rh8 b3 27. Rxf8+ Kb7 28. axb3 axb3 29.
Bd3 bxc2 30. Bxc2 Ne3 31. Qe4+ d5 32. Qxe7+ Rc7 33. Qd8 Rxc2+ 0-1

[Event "*** Titled Tuesday Blitz"]
[Site "Chess.com"]
[Date "2021.04.06"]
[Round "3"]
[White "esapunov"]
[Black "Sadykov_Ramil"]
[Result "1-0"]
[WhiteElo "2725"]
[BlackElo "2496"]
[TimeControl "180+1"]
[EndTime "10:28:07 PDT"]
[Termination "esapunov won on time"]

1. c4 e6 2. Nf3 Nf6 3. Nc3 d5 4. d4 Be7 5. Bg5 h6 6. Bh4 O-O 7. e3 Ne4 8. Bxe7 Qxe7 9. Qc2 Nxc3 10. Qxc3 c6 11. Be2 dxc4 12. Qxc4 Nd7 13. Qc3 Re8 14. Rd1 a5 15. a3 c5 16. O-O b6 17.
Bb5 Rd8 18. Nd2 cxd4 19. Qxd4 Nc5 20. Qe5 Rd5 21. Qc3 Bb7 22. Be2 Rc8 23. Nc4 Qc7 24.
Bf3 Rxd1 25. Rxd1 Bxf3 26. gxf3 Rd8 27. Rd4 a4 28. Kg2 Rd5 29. Rxd5 exd5 30. Ne5 Qd8 31.
f4 Qh4 32. h3 Ne4 33. Qc8+ Kh7 34. Qc2 1-0

[Event "*** Titled Tuesday Blitz"]
[Site "Chess.com"]
[Date "2021.04.06"]
[Round "3"]
[White "azikom"]
[Black "Matensien"]
[Result "1-0"]
[WhiteElo "2700"]
[BlackElo "2383"]
[TimeControl "180+1"]
[EndTime "10:28:09 PDT"]
[Termination "azikom won by resignation"]

1. d4 Nf6 2. Nf3 g6 3. Bf4 Bg7 4.
e3 O-O 5. h3 c5 6. c3 b6 7.
Nbd2 d6 8. a4 a6 9. Bh2 Nbd7 10.
Bc4 Bb7 11. O-O Qc7 12. Re1 Bh6 13. Qb3 e5 14. dxe5 Nxe5 15. Nxe5 dxe5 16. Rad1 Rad8 17. Be2 Nd5 18. Nc4 Rfe8 19. Bf3 Bc6 20. Nxe5 Rxe5 21. c4 Qd7 22. Bxe5 Bxa4 23. Qa3 Bxd1 24. Rxd1 Qe6 25.
Bg3 Qe7 26. cxd5 b5 27. Qxa6 1-0

[Event "*** Titled Tuesday Blitz"]
[Site "Chess.com"]
[Date "2021.04.06"]
[Round "3"]
[White "Tpros"]
[Black "Cuajada_Zero"]
[Result "0-1"]
[WhiteElo "2515"]
[BlackElo "2318"]
[TimeControl "180+1"]
[EndTime "10:28:09 PDT"]
[Termination "Cuajada_Zero won by resignation"]

1. c4 e6 2. g3 d5 3. Nf3 Nf6 4. Bg2 Be7 5. O-O O-O 6. Qc2 d4 7. d3 c5 8. e3 Nc6 9. exd4 cxd4 10. a3 a5 11. Bg5 Nd7 12. Bxe7 Qxe7 13. Nbd2 Nc5 14. b3 e5 15. Rfe1 Bf5 16. Bf1 f6 17. Rab1 Qd7 18. b4 axb4 19. axb4 Na4 20. b5 Nd8 21.
Ra1 Nb6 22. Rxa8 Nxa8 23. Nh4 Nc7 24. Nxf5 Qxf5 25. Bg2 Qc8 26. Ne4 b6 27. Qc3 dxc3 28. Nxc3 Nce6 29. Nd5 Qb8 30. Ra1 Nc5 31. Ne7+ Kf7 32.
Ra8 Qxa8 33. Bxa8 Kxe7 34. Bf3 Kd6 35. Kf1 Nde6 36. Ke2 Nd4+ 37. Ke3 g6 38. Bd1 f5 39.
f4 exf4+ 0-1

[Event "*** Titled Tuesday Blitz"]
[Site "Chess.com"]
[Date "2021.04.06"]
[Round "3"]
[White "Zhigalko_Sergei"]
[Black "StockholmMissile"]
[Result "0-1"]
[WhiteElo "2905"]
[BlackElo "2582"]
[TimeControl "180+1"]
[EndTime "10:28:10 PDT"]
[Termination "StockholmMissile won on time"]

1. e4 e5 2. Nf3 Nc6 3. Bc4 Bc5 4. b4 Bxb4 5. c3 Ba5 6. d4 exd4 7. O-O Nge7 8. Ng5 d5 9. Nxf7 Kxf7 10. exd5 Ne5 11. Bb3 Bxc3 12. Nxc3 dxc3 13. d6+ Ke8 14. Qh5+ N7g6 15. Re1 cxd6 16. Bg5 Qb6 17. Rad1 Rf8 18.
Be3 Qc7 19. Bd4 Qe7 20. Bxc3 Bg4 21. Qxh7 Bxd1 22. Bxd1 Rh8 23. Qxg7 Qxg7 0-1

[Event "*** Titled Tuesday Blitz"]
[Site "Chess.com"]
[Date "2021.04.06"]
[Round "3"]
[White "friesnielsen2302"]
[Black "krasavetc"]
[Result "0-1"]
[WhiteElo "2529"]
[BlackElo "2363"]
[TimeControl "180+1"]
[EndTime "10:28:11 PDT"]
[Termination "krasavetc won by resignation"]

1. Nf3 Nf6 2. g3 e6 3. Bg2 c5 4. O-O Nc6 5. d3 Be7 6. Nc3 d5 7. e4 O-O 8. Re1 d4 9. Ne2 e5 10. Rf1 Ne8 11. Nd2 f6 12. f4 Be6 13. f5 Bf7 14. g4 b5 15. Ng3 c4 16. a3 Rc8 17. h4 a5 18. Nf3 a4 19. g5 cxd3 20. cxd3 Na5 21. g6 hxg6 22. fxg6 Bxg6 23. h5 Bh7 24.
Nh4 Nb3 25. Rb1 Nd6 26. Qg4 Nxc1 27. Rbxc1 Rxc1 28. Rxc1 f5 29. Nhxf5 Bxf5 30. exf5 Bg5 31. Rc6 Be3+ 32. Kh1 Kh8 33. Bd5 Nxf5 34. Be4 Nh6 35. Qh3 Qg5 36. Rc8 Qf4 37. Rxf8+ Qxf8 38. Nf5 Qc8 39.
Qg2 Nxf5 40. Qg6 Qc1+ 41. Kg2 Qg1+ 42. Kh3 Qxg6 43. hxg6 Nd6 44. Bd5 Bc1 45. b3 axb3 46. Bxb3 Bxa3 47. Kg4 Bc1 48. Kf3 b4 49. Ke2 Bf4 50. Kf3 Nb7 0-1

[Event "*** Titled Tuesday Blitz"]
[Site "Chess.com"]
[Date "2021.04.06"]
[Round "3"]
[White "BogdanDeac"]
[Black "Borsuk_Konstantin"]
[Result "1-0"]
[WhiteElo "3055"]
[BlackElo "2678"]
[TimeControl "180+1"]
[EndTime "10:28:13 PDT"]
[Termination "BogdanDeac won by checkmate"]

1. d4 Nf6 2. Nf3 b6 3. c4 Bb7 4.
g3 g6 5. Bg2 Bg7 6. O-O O-O 7.
Qc2 e6 8. Nc3 c5 9. e4 cxd4 10.
Nxd4 Nc6 11. Ndb5 Ne8 12. Bf4 a6 13. Nd6 Nd4 14. Qd3 Bc6 15. Be3 e5 16. Nxe8 Rxe8 17. f4 b5 18. fxe5 Ne6 19. cxb5 axb5 20. Nxb5 Bxb5 21.
Qxb5 Rb8 22. Qe2 Bxe5 23. Rab1 Qa5 24. Qf2 f6 25. b3 Ra8 26. a4 Reb8 27. Rfd1 Qc7 28.
Bf1 Kg7 29. Rbc1 Qd8 30. Bc4 Ng5 31. Bxg5 fxg5 32. Qf7+ Kh6 33. Rxd7 Qh8 34. Qe6 Re8 35.
Qh3# 1-0

[Event "*** Titled Tuesday Blitz"]
[Site "Chess.com"]
[Date "2021.04.06"]
[Round "3"]
[White "Beca95"]
[Black "Aygehovit1992"]
[Result "1-0"]
[WhiteElo "2922"]
[BlackElo "2649"]
[TimeControl "180+1"]
[EndTime "10:28:13 PDT"]
[Termination "Beca95 won by resignation"]

1. d4 d6 2. Nf3 g6 3. c4 Bg7 4. Nc3 Nc6 5. d5 Na5 6. e4 c5 7.
h3 a6 8. Bd3 Nf6 9. O-O O-O 10.
Rb1 Rb8 11. a3 b5 12. cxb5 axb5 13. b4 cxb4 14. axb4 Nc4 15. Nxb5 Ba6 16. Bxc4 Bxb5 17. Bxb5 Rxb5 18. Nd4 Rb7 19. Nc6 Qd7 20. Qd3 e6 21. b5 exd5 22. exd5 Qf5 23. Qxf5 gxf5 24.
Rd1 Ra8 25. f3 Ra2 26. Bf4 Bf8 27. Be3 Kg7 28. Bd4 Kg6 29. Be3 Bh6 30. Bf2 Bf4 31. b6 Nd7 32. g3 Be5 33. f4 Bc3 34. Ne7+ Kf6 35. Nc8 Rb8 36. Nxd6 Ba5 37. Nc4 Bc3 38.
b7 Ra4 39. Nb6 Ke7 1-0

[Event "*** Titled Tuesday Blitz"]
[Site "Chess.com"]
[Date "2021.04.06"]
[Round "3"]
[White "TimKett"]
[Black "Horizonevent"]
[Result "0-1"]
[WhiteElo "2241"]
[BlackElo "2495"]
[TimeControl "180+1"]
[EndTime "10:28:13 PDT"]
[Termination "Horizonevent won by resignation"]

1. e4 e5 2. f4 Nc6 3. Nc3 exf4 4. Nf3 d6 5. d4 g5 6. h4 g4 7. Ng5 h6 8. Nxf7 Kxf7 9. Bc4+ Kg7 10. Bxf4 Be7 11.
O-O Nf6 12. Qd3 Nh5 13. Nd5 Bxh4 14. e5 dxe5 15. dxe5 Be6 16. Qe4 Rf8 17. Rad1 Bxd5 18. Rxd5 Qe7 19. e6 Nf6 20. Be5 Nxe5 21. Qxe5 Rad8 22.
Rfd1 Rxd5 23. Rxd5 Rd8 24. Rxd8 Qxd8 25. e7 Qd1+ 26.
Kh2 g3+ 27. Qxg3+ Bxg3+ 28. Kxg3 Qd6+ 0-1

[Event "*** Titled Tuesday Blitz"]
[Site "Chess.com"]
[Date "2021.04.06"]
[Round "3"]
[White "Rakesh"]
[Black "MirMan90"]
[Result "1-0"]
[WhiteElo "2502"]
[BlackElo "2695"]
[TimeControl "180+1"]
[EndTime "10:28:14 PDT"]
[Termination "Rakesh won by resignation"]

1. e4 c5 2. c3 Nf6 3. e5 Nd5 4. d4 cxd4 5. Nf3 e6 6. cxd4 d6 7. Bc4 Be7 8. O-O O-O 9. Qe2 Nc6 10. Bd2 Bd7 11. Nc3 Nxc3 12. Bxc3 Rc8 13. Rad1 Qb6 14. d5 exd5 15. Bxd5 dxe5 16. Bxf7+ Rxf7 17. Rxd7 Bf6 18. Rxf7 Kxf7 19. Nxe5+ Nxe5 20. Bxe5 Bxe5 21. Qxe5 Qe6 22.
Qh5+ Kg8 23. h3 Qxa2 24. Rd1 Qc4 25. Qe5 Qf7 26. Qb5 a6 27. Qb6 h6 28. Rd3 Rc6 29. Qd8+ Kh7 30. Qd4 Qf6 31. Qe4+ Qg6 32. Qe3 Re6 33. Qf3 Qe4 34. Qg3 Qe1+ 35. Kh2 Qe5 36.
f4 Qxb2 37. f5 Re7 38. Qg6+ 1-0

[Event "*** Titled Tuesday Blitz"]
[Site "Chess.com"]
[Date "2021.04.06"]
[Round "3"]
[White "Misha_Bilous"]
[Black "OlifantCZ"]
[Result "0-1"]
[WhiteElo "2496"]
[BlackElo "2293"]
[TimeControl "180+1"]
[EndTime "10:28:14 PDT"]
[Termination "OlifantCZ won on time"]

1. d4 Nf6 2. c4 g6 3. f3 Bg7 4.
e4 O-O 5. Nc3 c5 6. Nge2 d6 7.
Be3 cxd4 8. Nxd4 Nc6 9. Be2 Nxd4 10. Bxd4 Be6 11. O-O a6 12. Nd5 Bxd5 13. exd5 Nd7 14. Bxg7 Kxg7 15. Qd4+ f6 16. h4 Qb6 17. Qxb6 Nxb6 18. h5 Rac8 19. b3 Nd7 20. g4 g5 21. f4 gxf4 22. Rxf4 h6 23. Bd3 Ne5 24. Bf5 Rc7 25. Kf2 Rb8 26. Ke3 b5 27. cxb5 axb5 28. Kd2 Rc5 29. Be4 Rbc8 30. Rff1 b4 31. a3 bxa3 32.
Rxa3 Rc3 33. Ra7 Kf7 34. Bf5 R8c7 35. Rxc7 Rxc7 36. b4 Ke8 37. Ra1 Rc4 38. Rb1 Kd8 39. b5 Kc7 40. b6+ Kb7 41. Be6 Nxg4 42. Bd7 Ne5 43.
Be8 Rd4+ 44. Ke3 Rxd5 45. Ke4 Rc5 46. Kf5 Nc4+ 47. Ke6 Re5+ 0-1

[Event "*** Titled Tuesday Blitz"]
[Site "Chess.com"]
[Date "2021.04.06"]
[Round "3"]
[White "Kale36"]
[Black "Skat2704"]
[Result "0-1"]
[WhiteElo "2423"]
[BlackElo "2627"]
[TimeControl "180+1"]
[EndTime "10:28:16 PDT"]
[Termination "Skat2704 won on time"]

1. b3 d5 2. Bb2 c5 3. e3 Nc6 4. Bb5 e6 5. f4 Nf6 6. Nf3 Be7 7. O-O O-O 8. Bxc6 bxc6 9. Ne5 Qc7 10. d3 Nd7 11. Nd2 f6 12. Ng4 Bd6 13. Qe1 e5 14.
fxe5 Nxe5 15. Nxe5 Bxe5 16. Bxe5 Qxe5 17. Nf3 Qe7 18. e4 Be6 19. exd5 cxd5 20. Qe2 Rae8 21. Rae1 d4 22. Nd2 Qd6 23. Qf2 Bd5 24. Rxe8 Rxe8 25.
Re1 Rxe1+ 26. Qxe1 Kf7 27. Nc4 Qf4 28. h3 g5 29. Qf2 Qxf2+ 30. Kxf2 Ke6 31. Nd2 Ke5 32. g3 h5 33. a3 h4 34. b4 hxg3+ 35. Kxg3 cxb4 36.
axb4 f5 37. Nf3+ Bxf3 38. Kxf3 Kd5 39. Kg3 Kc6 40. h4 gxh4+ 41. Kxh4 Kb5 42. Kg5 Kxb4 43. Kxf5 a5 44. Ke5 Kc3 45. Kd5 a4 0-1

[Event "*** Titled Tuesday Blitz"]
[Site "Chess.com"]
[Date "2021.04.06"]
[Round "3"]
[White "Brave_spirit12"]
[Black "andrewtnb"]
[Result "1-0"]
[WhiteElo "2552"]
[BlackElo "2355"]
[TimeControl "180+1"]
[EndTime "10:28:16 PDT"]
[Termination "Brave_spirit12 won on time"]

1. e4 c6 2. Nc3 d5 3. Nf3 dxe4 4. Nxe4 Bg4 5. h3 Bxf3 6. Qxf3 Nd7 7. d4 Ngf6 8. c3 Nxe4 9. Qxe4 Nf6 10. Qc2 e6 11. Bd3 Be7 12. Bg5 Nd5 13. Bd2 Bg5 14. O-O-O Bxd2+ 15.
Qxd2 h6 16. g4 Qg5 17. h4 Qxd2+ 18. Kxd2 Ke7 19. c4 Nf4 20. Bc2 g5 21. hxg5 hxg5 22. Ke3 a5 23. Be4 Rad8 24. a3 Rxh1 25. Rxh1 a4 26. Rh7 Ra8 27. Bc2 b5 28. c5 Rd8 29.
Be4 Rc8 30. Kd2 Nd5 31. Bxd5 exd5 32. Rh6 f6 33. Rh7+ Ke6 34. Ke3 Rf8 35. f4 f5 36.
Rh6+ Kd7 37. Rh7+ Kc8 38. fxg5 fxg4 39. g6 Rg8 40. g7 Kd7 41. Kf4 g3 42. Kxg3 Ke7 43.
Kf4 Kf7 44. Ke5 Kg6 45. Rh1 Re8+ 46. Kd6 Kxg7 47. Kxc6 1-0

[Event "*** Titled Tuesday Blitz"]
[Site "Chess.com"]
[Date "2021.04.06"]
[Round "3"]
[White "DaroZin"]
[Black "TheMagicMaik"]
[Result "1-0"]
[WhiteElo "2594"]
[BlackElo "2404"]
[TimeControl "180+1"]
[EndTime "10:28:18 PDT"]
[Termination "DaroZin won by resignation"]

1. e4 g6 2. d4 Bg7 3. Nc3 c5 4. Nf3 cxd4 5. Nxd4 Nc6 6. Be3 Qb6 7. Nb3 Qb4 8. Qd3 Ne5 9. Qd4 Nf3+ 10. gxf3 Bxd4 11. Bxd4 Nf6 12. Bc5 Qxc5 13. Nxc5 O-O 14. O-O-O d6 15. Nd3 a6 16. Nf4 b5 17. Ncd5 Nxd5 18. Nxd5 Ra7 19. Bd3 Be6 20. Nf4 Kg7 21. Nxe6+ fxe6 22. Be2 e5 23. Rd3 Rc7 24. Kd2 Rfc8 25. c3 Kf6 26. Ra1 a5 27. Rd5 b4 28. c4 a4 29. a3 Rb8 30. axb4 Rxb4 31. Kc3 Rcb7 32. Rb5 Rb3+ 33.
Rxb3 Rxb3+ 34. Kc2 Rb4 35. Ra3 e6 36. Kc3 Rb8 37. Rxa4 h6 38. Ra6 Ke7 39. Ra7+ Kf6 40. b4 g5 41. b5 h5 42. Kb4 d5 43. exd5 exd5 44. c5 e4 45. fxe4 dxe4 46. c6 Ke5 47. c7 Rc8 48. b6 Kd6 1-0

[Event "*** Titled Tuesday Blitz"]
[Site "Chess.com"]
[Date "2021.04.06"]
[Round "3"]
[White "chessablanca"]
[Black "mary-sanna"]
[Result "1-0"]
[WhiteElo "2487"]
[BlackElo "2115"]
[TimeControl "180+1"]
[EndTime "10:28:19 PDT"]
[Termination "chessablanca won by checkmate"]

1. Nf3 d5 2. c4 e6 3. e3 Nf6 4.
Nc3 c5 5. cxd5 exd5 6. d4 Nc6 7. Bb5 c4 8. h3 Bd7 9. O-O a6 10. Bxc6 Bxc6 11. Ne5 Bd6 12. f4 O-O 13. Qf3 Bxe5 14. fxe5 Ne4 15. Nxe4 dxe4 16. Qf4 b5 17. Bd2 a5 18. b3 Bd5 19. bxc4 Bxc4 20. Rfc1 Qd5 21. Qg3 f6 22. Bc3 b4 23. Bb2 Rac8 24. a3 b3 25. Bc3 a4 26. Rab1 Bd3 27. exf6 Rxf6 28. Ra1 Rfc6 29.
Bb2 Rxc1+ 30. Rxc1 Rxc1+ 31. Bxc1 h6 32. Bb2 Qf7 33.
Kh2 Qf1 34. Qb8+ Kh7 35. Qe5 Qf2 36. d5 Qxe3 37. Qxg7# 1-0

[Event "*** Titled Tuesday Blitz"]
[Site "Chess.com"]
[Date "2021.04.06"]
[Round "3"]
[White "Vyacheslav_N"]
[Black "ApoIogiA"]
[Result "1-0"]
[WhiteElo "2378"]
[BlackElo "2193"]
[TimeControl "180+1"]
[EndTime "10:28:19 PDT"]
[Termination "Vyacheslav_N won by resignation"]

1. e4 c5 2. Nf3 d6 3. d4 cxd4 4.
Nxd4 Nf6 5. f3 e5 6. Nb3 Be7 7. c4 Be6 8. Nc3 O-O 9. Be3 Nc6 10. Qd2 Na5 11. Nxa5 Qxa5 12. Nd5 Qxd2+ 13. Kxd2 Nxd5 14. cxd5 Bd7 15. Rc1 Rfc8 16. Bd3 a6 17. g3 g6 18. f4 f6 19. h4 h5 20. f5 gxf5 21. exf5 Rxc1 22. Rxc1 Rc8 23. Rg1 Kh7 24. g4 hxg4 25. Rxg4 Rg8 26. Rg6 Rxg6 27. fxg6+ Kg8 28. h5 Bf8 29. h6 f5 30. Bg5 e4 31. Be2 Be8 32. g7 Bxg7 33. hxg7 Kxg7 34. Ke3 Kg6 35. Be7 Bf7 36.
Bc4 b5 37. Bb3 1-0

[Event "*** Titled Tuesday Blitz"]
[Site "Chess.com"]
[Date "2021.04.06"]
[Round "3"]
[White "CzechmVIII"]
[Black "WPWPWP-2015"]
[Result "0-1"]
[WhiteElo "2211"]
[BlackElo "2438"]
[TimeControl "180+1"]
[EndTime "10:28:21 PDT"]
[Termination "WPWPWP-2015 won by checkmate"]

1. e4 c5 2. Nf3 d6 3. d4 cxd4 4. Nxd4 Nf6 5. Nc3 a6 6. Bg5 e6 7. f4 h6 8. Bh4 Qb6 9. Bxf6 gxf6 10. Qd2 Nc6 11. Nb3 Bd7 12. O-O-O O-O-O 13. Be2 h5 14. Rhf1 Kb8 15. Rf3 h4 16. h3 Ne5 17. fxe5 Bh6 18.
Rxf6 Bxd2+ 19. Rxd2 dxe5 20. Rxf7 Bc6 21. Rxd8+ Rxd8 22. a3 Qg1+ 23. Bd1 Qe3+ 24. Kb1 Bxe4 25. Bg4 Qg1+ 26.
Ka2 Bxc2 27. Na5 Ka8 28. Bf3 e4 29. Bxe4 Bxe4 30. Nxe4 Rd1 31. Nxb7 Ra1+ 32. Kb3 Qb6+ 33. Kc2 Ra2 34. Nbc5 Qxb2+ 35. Kd3 Qb1+ 36. Kd4 Qa1+ 37.
Kc4 Rc2+ 38. Kb4 Qd4+ 39. Ka5 Rxc5+ 40. Kxa6 Qa4+ 41. Kb6 Qc6# 0-1

[Event "*** Titled Tuesday Blitz"]
[Site "Chess.com"]
[Date "2021.04.06"]
[Round "3"]
[White "BrandonJacobson"]
[Black "tjychess"]
[Result "1-0"]
[WhiteElo "2887"]
[BlackElo "2625"]
[TimeControl "180+1"]
[EndTime "10:28:22 PDT"]
[Termination "BrandonJacobson won by resignation"]

1. d4 Nf6 2. c4 e6 3. Nf3 d5 4. g3 c6 5. Bg2 dxc4 6. Ne5 b5 7.
a4 Nd5 8. O-O Bb7 9. e4 Nf6 10.
Nc3 a6 11. axb5 axb5 12. Rxa8 Bxa8 13. d5 Be7 14. dxe6 fxe6 15. Qe2 O-O 16. Rd1 Qc8 17. Bh3 Na6 18. Be3 Re8 19. Nd7 Nc7 20. Nxf6+ Bxf6 21. Bc5 Na6 22. Bd6 Bb7 23. e5 Be7 24. Ne4 c5 25. Bxe7 Rxe7 26. Nd6 Qc6 27. Nxb7 Rxb7 28. Bg2 Qb6 29. Bxb7 Qxb7 30. Rd8+ Kf7 31. Qh5+ 1-0

[Event "*** Titled Tuesday Blitz"]
[Site "Chess.com"]
[Date "2021.04.06"]
[Round "3"]
[White "KuzubovYuriy"]
[Black "AlleyOoper"]
[Result "1-0"]
[WhiteElo "2848"]
[BlackElo "2472"]
[TimeControl "180+1"]
[EndTime "10:28:23 PDT"]
[Termination "KuzubovYuriy won by resignation"]

1. d4 Nf6 2. Nf3 c5 3. d5 g6 4. c4 Bg7 5. Nc3 d6 6. e4 O-O 7. h3 e6 8. Bd3 Nbd7 9. O-O e5 10.
Bg5 h6 11. Be3 Nh7 12. Qc1 f5 13. Bxh6 f4 14. Bxg7 Kxg7 15. Ne1 Ng5 16. f3 Nf6 17. Kf2 Nh5 18. Nc2 Ng3 19. Rg1 Rh8 20. Ne2 Bxh3 21. Nxg3 fxg3+ 22. Ke2 Bd7 23. Qe1 Qb6 24. b3 a5 25.
Qxg3 Rh5 26. Qf2 a4 27. b4 a3 28. Rab1 Ba4 29. bxc5 Qa5 30. Rxb7+ Kh6 31. Ne3 Rh2 32.
Ng4+ 1-0

[Event "*** Titled Tuesday Blitz"]
[Site "Chess.com"]
[Date "2021.04.06"]
[Round "3"]
[White "politeplayer"]
[Black "Two_Towers_Krakow"]
[Result "0-1"]
[WhiteElo "2247"]
[BlackElo "2516"]
[TimeControl "180+1"]
[EndTime "10:28:23 PDT"]
[Termination "Two_Towers_Krakow won by resignation"]

1. d4 Nf6 2. Bg5 Ne4 3. Bf4 d5 4. f3 Nd6 5. e4 dxe4 6. Nc3 e3 7. Bd3 Bf5 8. Bxd6 Bxd3 9. Bxc7 Qxc7 10. Qxd3 e6 11.
O-O-O Bb4 12. d5 Bxc3 13. bxc3 exd5 14. Qxe3+ Qe7 15. Qxe7+ Kxe7 16. Rxd5 Nc6 17. Nh3 Rhd8 18. Re1+ Kf6 19. Nf4 g5 20. Nh5+ Kg6 21. Rxd8 Rxd8 22.
g4 Rd5 23. Re8 Rd8 24. Rxd8 Nxd8 25. Kd2 f5 26. Ng3 f4 27. Nf5 Nc6 28. Kd3 h5 29. h3 Kf6 30. Nd6 hxg4 31. hxg4 b6 32. c4 Ke6 33.
Ne4 Ne5+ 34. Ke2 Nf7 35. c5 b5 36. Nc3 a6 37. a4 b4 38. Na2 a5 39. Kd3 Kd5 40. Nc1 Ne5+ 41. Ke2 Kxc5 42. Nb3+ Kc4 43. Nxa5+ Kc3 44. Kd1 Nxf3 45. Nc6 Nd4 46. Ne5 f3 47. Ke1 Nxc2+ 48. Kf2 b3 49. a5 b2 50. a6 b1=Q 51. a7 Qb6+ 0-1

[Event "*** Titled Tuesday Blitz"]
[Site "Chess.com"]
[Date "2021.04.06"]
[Round "3"]
[White "DraG0s3L"]
[Black "DonPreuss"]
[Result "0-1"]
[WhiteElo "2486"]
[BlackElo "2259"]
[TimeControl "180+1"]
[EndTime "10:28:23 PDT"]
[Termination "DonPreuss won by checkmate"]

1. c4 Nc6 2. Nc3 e5 3. g3 Bc5 4. Bg2 d6 5. e3 Nge7 6. Nge2 a6 7.
O-O O-O 8. d4 Ba7 9. d5 Nb8 10.
b4 Nd7 11. Bb2 f5 12. Na4 g5 13. Rc1 Ng6 14. c5 f4 15. exf4 gxf4 16. Nec3 Qg5 17. Ne4 Qh6 18. Rc2 Nf6 19. cxd6 Nxe4 20. Bxe4 cxd6 21. Bc1 Bh3 22. Re1 Rf6 23. Qd3 Raf8 24.
Ree2 Qh5 25. Bf3 Bg4 26. Bxg4 Qxg4 27. Nc3 f3 28. Re4 Nf4 29. Bxf4 Rxf4 30. Rxf4 exf4 31. Ne4 fxg3 32. Nxg3 Re8 33. Rc1 h5 34. h3 Qxg3+ 35.
Kh1 Qg2# 0-1

[Event "*** Titled Tuesday Blitz"]
[Site "Chess.com"]
[Date "2021.04.06"]
[Round "3"]
[White "TC2304"]
[Black "GrigoriyM2001"]
[Result "0-1"]
[WhiteElo "2298"]
[BlackElo "2529"]
[TimeControl "180+1"]
[EndTime "10:28:25 PDT"]
[Termination "GrigoriyM2001 won by resignation"]

1. d4 Nf6 2. Bg5 Ne4 3. Bf4 d5 4. e3 Bf5 5. f3 Nf6 6. c4 c6 7.
Nc3 e6 8. Bd3 Bxd3 9. Qxd3 Nbd7 10. g4 dxc4 11. Qxc4 Nd5 12. Nxd5 exd5 13. Qd3 Bb4+ 14.
Kf2 Qe7 15. Ne2 O-O 16. h4 Rfe8 17. h5 Bd6 18. g5 Nf8 19. Rag1 Ne6 20. Bxd6 Qxd6 21.
g6 fxg6 22. hxg6 h6 23. Ng3 Ng5 24. Nf5 Qf6 25. Rg3 Rf8 26. Nxh6+ gxh6 27. g7 Qxg7 28. Ke2 Rxf3 29. Rxf3 Nxf3 30. Kd1 Rf8 31. e4 Qxd4 32. Rg1+ Qxg1+ 0-1

[Event "*** Titled Tuesday Blitz"]
[Site "Chess.com"]
[Date "2021.04.06"]
[Round "3"]
[White "InitiatingASC"]
[Black "marszach123"]
[Result "1-0"]
[WhiteElo "2427"]
[BlackElo "2149"]
[TimeControl "180+1"]
[EndTime "10:28:26 PDT"]
[Termination "InitiatingASC won by resignation"]

1. Nf3 Nf6 2. b3 g6 3. Bb2 Bg7 4. e3 O-O 5. c4 d6 6. Be2 e5 7. d3 Nc6 8. a3 Nd7 9. Nbd2 f5 10. b4 e4 11. Nd4 Nxd4 12. Bxd4 exd3 13. Bxd3 Bxd4 14.
exd4 Re8+ 15. Kf1 Qf6 16. Nf3 Nf8 17. h4 Be6 18. d5 Bf7 19. Ra2 Re7 20. Ng5 Rae8 21.
Re2 Rxe2 22. Bxe2 h6 23. Nxf7 Kxf7 24. Rh3 Re4 25. g4 Kg7 26. h5 Rd4 27. Rd3 Rxd3 28. Qxd3 fxg4 29. Bxg4 gxh5 30. Bxh5 Ng6 31. Bxg6 Qxg6 32.
Qd4+ Kf7 33. Qxa7 Qd3+ 34. Kg1 Qd1+ 35. Kh2 Qh5+ 36. Kg3 Qg5+ 37. Kf3 Qf5+ 38. Ke3 Qe5+ 39. Kd3 Qf5+ 40. Kc3 Qf3+ 41. Qe3 Qxe3+ 42. fxe3 h5 43. Kd3 h4 44. Ke4 h3 45. Kf3 Kf6 46. a4 Ke5 47. a5 h2 48. Kg2 Ke4 49. b5 Kxe3 50. a6 1-0

[Event "*** Titled Tuesday Blitz"]
[Site "Chess.com"]
[Date "2021.04.06"]
[Round "3"]
[White "RobertoJBM"]
[Black "TengisChess"]
[Result "0-1"]
[WhiteElo "2707"]
[BlackElo "2511"]
[TimeControl "180+1"]
[EndTime "10:28:27 PDT"]
[Termination "TengisChess won by checkmate"]

1. d4 d5 2. Nf3 Nf6 3. e3 Bg4 4. c4 Bxf3 5. Qxf3 c6 6. Nc3 e6 7. Bd2 Nbd7 8. Bd3 Bd6 9. O-O O-O 10. Rad1 Re8 11. Rfe1 a5 12. e4 dxe4 13. Nxe4 Nxe4 14. Bxe4 Nf8 15. Bc3 Qc7 16. g3 Bb4 17. a3 Bxc3 18. Qxc3 Rad8 19. Rd2 Rd7 20. Red1 Red8 21. b4 axb4 22.
axb4 Ng6 23. f4 Ne7 24. Kg2 g6 25. h4 h5 26. Kf3 Nc8 27. c5 Ne7 28. Qc4 Nd5 29. b5 Nf6 30. b6 Qc8 31. Bc2 Rd5 32.
Bb3 Qd7 33. Qc3 Kh7 34. Bc4 Rf5 35. Qe3 Ra8 36. Kg2 Nd5 37. Bxd5 Rxd5 38. Kf2 Ra6 39. Kf3 Qc8 40. Kf2 Qa8 41. Rd3 Ra2+ 42. R1d2 Ra1 43. Rd1 Qa2+ 44. R3d2 Qa5 45. Rxa1 Qxa1 46. Kg2 Kg7 47. Kf2 Qc1 48. Rd3 Qh1 49. Qf3 Qb1 50. Qe3 Kg8 51. Rd2 Qb4 52. Rd3 Qc4 53. Rd2 Rd8 54.
Qd3 Qd5 55. Qf3 Qc4 56. Qd3 Qa4 57. Qe3 Qb4 58. Kg2 Ra8 59. Kh3 Ra1 60. f5 Rh1+ 61.
Kg2 Qb1 62. Rf2 Rg1+ 63. Kh2 Rh1+ 64. Kg2 Qg1+ 65. Kf3 exf5 66. Qe8+ Kg7 67. Qe5+ Kh7 68. Qf6 Kg8 69. Qd8+ Kg7 70. Qd7 Qd1+ 71. Kg2 Rg1+ 72.
Kh2 Qe1 73. Rg2 Rh1# 0-1